 Dungeon Crawl Stone Soup version 0.28-a0-1404-g4df0f3684d (webtiles) character file.

Game seed: 6760624708060785107

32 SensoryNuts the Skirmisher (level 3, 0/29 HPs)
             Began as a Demonspawn Fighter on Jan 5, 2022.
             Shot with a stone by a goblin (5 damage)
             ... led by Robin
             ... on level 2 of the Dungeon.
             The game lasted 00:01:08 (1121 turns).

SensoryNuts the Skirmisher (Demonspawn Fighter)     Turns: 1121, Time: 00:01:09

Health: 0/29       AC:  6    Str: 18    XL:     3   Next: 8%
Magic:  3/3        EV:  9    Int:  9    God:
Gold:   21         SH:  4    Dex: 12    Spells: 2/2 levels left

rFire   . . .      SeeInvis .   a - +0 long sword
rCold   . . .      Faith    .   c - +0 buckler
rNeg    . . .      Spirit   .   b - +0 scale mail
rPois   .          Reflect  .   (no helmet)
rElec   .          Harm     .   (no cloak)
rCorr   .          Rampage  .   (no gloves)
Will    .....                   (no boots)
Stlth   ..........              (no amulet)
HPRegen 0.09/turn               (no ring)
MPRegen 0.08/turn               (no ring)

@: mighty
A: claws 1
a: no special abilities


You were on level 2 of the Dungeon.
You visited 1 branch of the dungeon, and saw 2 of its levels.

You collected 21 gold pieces.

Inventory:

Hand Weapons
 a - a +0 long sword (weapon)
Armour
 b - a +0 scale mail (worn)
 c - a +0 buckler (worn)
Jewellery
 f - a ring of see invisible


   Skills:
 + Level 3.4 Fighting
 + Level 2.2 Long Blades
 + Level 2.9 Armour
 + Level 0.1 Dodging
 + Level 3.0 Shields


You had 2 spell levels left.
You didn't know any spells.
Your spell library was empty.

Dungeon Overview and Level Annotations

Branches:
Dungeon (2/15)

Altars:

Annotations:
D:2 Robin


Innate Abilities, Weirdness & Mutations

You have sharp fingernails.


Message History

You barely miss the goblin. The goblin hits you but does no damage.
You slash the goblin!
You kill the goblin!
The goblin hits you with a +0 dagger.
You closely miss the goblin. The goblin hits you but does no damage.
Robin roars a battlecry!
The goblins go into a battle-frenzy!
You closely miss the goblin. The goblin hits you with a +0 dagger.
Robin hits you but does no damage. The goblin barely misses you.
You barely miss the goblin. Robin barely misses you.
You block the goblin's attack.
You barely miss the goblin. Robin barely misses you.
The goblin barely misses you. Robin hits you but does no damage.
You closely miss the goblin. The goblin hits you with a +0 dagger.
A quokka comes into view.
Robin hits you but does no damage. You block the goblin's attack.
You closely miss the goblin. Robin completely misses you.
The goblin closely misses you.
You closely miss the goblin. You block Robin's attack.
The goblin hits you but does no damage.
You hit the goblin.
The goblin is heavily wounded.
Robin hits you from afar with a +0 trident.
The goblin hits you but does no damage. Robin closely misses you.
The goblin closely misses you.
You are too injured to fight recklessly!
You are too injured to fight recklessly!
You are too injured to fight recklessly!
You are too injured to fight recklessly!
You are too injured to fight recklessly!
You are too injured to fight recklessly!
You are too injured to fight recklessly!
You are too injured to fight recklessly!
You feel very mighty all of a sudden. Robin barely misses you.
The goblin closely misses you. Robin hits you with a +0 trident!
* * * LOW HITPOINT WARNING * * *
The goblin unwields a +0 dagger.
The goblin wields a +0 hunting sling.
The goblin shoots a stone.
The stone hits you.
You die...

## #. ..
#. #.##
.r# #g#
#@# #.#
#g# #g#
#.# # #)#
.#
#.####..#.
#.<.......
#......[..


You could see Robin, a quokka and 2 goblins.

Vanquished Creatures
  A ball python (D:1)
  A bat (D:1)
  3 endoplasms
  A giant cockroach (D:1)
  6 goblins
  5 hobgoblins
  7 kobolds (D:1)
  3 rats (D:1)
27 creatures vanquished.

Notes
Turn   | Place    | Note
-------+----------+-------------------------------------------
     0 | D:1      | SensoryNuts the Demonspawn Fighter began the quest for the
                  | Orb.
     0 | D:1      | Reached XP level 1. HP: 18/18 MP: 1/1
   297 | D:1      | Gained mutation: You have sharp fingernails. [demonic
                  | ancestry]
   297 | D:1      | Reached XP level 2. HP: 17/24 MP: 2/2
   619 | D:1      | Found a faded altar of an unknown god.
  1042 | D:2      | Reached XP level 3. HP: 13/29 MP: 3/3
  1106 | D:2      | Noticed Robin
  1121 | D:2      | Shot with a stone by a goblin

Illustrated notes

Levels and vault maps discovered:
D:1:      nicolae_arrival_memento_mori, layout_basic,
          dreamdust_ecumenical_altar_angels_and_demons
D:2:      layout_loops_ring, uniq_robin, uniq_sigmund

Skill      XL: |  1  2 |
---------------+-------+-----
Long Blades    | 2 |  2.2
Shields        | 3 |  3.0
Fighting       | |  3.4
Armour         | |  2.9
Dodging        | |  0.1

Action                   || total
-------------------------++-------
Melee: Long sword        ||    90
  Use: Potion            ||     3
       Scroll            ||     1
Armor: Scale mail        ||    52
Dodge: Dodged            ||    31
Block: Buckler           ||    21

Table legend: (Time is in decaauts)
 A = Elapsed time spent in this place.
 B = Non-inter-level travel time spent in this place.
 C = Inter-level travel time spent in this place.
 D = Time resting spent in this place.
 E = Time spent auto-exploring this place.
 F = Levels seen in this place.
 G = Mean time per level.
                   A        B        C        D        E       F      G
               +--------+--------+--------+--------+--------+-----+--------+
         Total |   1151 |   1097 |     54 |     36 |    867 |   2 |  575.5 |
       Dungeon |   1151 |   1097 |     54 |     36 |    867 |   2 |  575.5 |
               +--------+--------+--------+--------+--------+-----+--------+

Top non-repeatable levels by time:
     D:1: 1034 daAuts
     D:2: 117 daAuts
